 Dungeon Sprint DCSS version 0.30-a0-920-g7493c07aab (webtiles) character file.

Game seed: 17901421366261601483

177 dialectric the Unseen (level 5, -1/28 HPs)
             Began as a Spriggan Brigand on Mar 21, 2023.
             Slain by a scorpion (7 damage)
             ... in the Dungeon (Sprint II: "The Violet Keep of Menkaure").
             The game lasted 00:00:19 (27 turns).

dialectric the Unseen (Spriggan Brigand)              Turns: 27, Time: 00:00:19

Health: -1/28      AC:  3    Str:  7    XL:     5   Next: 31%
Magic:  6/6        EV: 18    Int: 13    God:
Gold:   0          SH:  0    Dex: 18    Spells: 4/4 levels left

rFire   . . .      SeeInvis +    a - +2 dagger
rCold   . . .      Faith    .    (no shield)
rNeg    . . .      Spirit   .    b - +0 robe
rPois   .          Reflect  .    (helmet restricted)
rElec   .          Rampage  .    c - +0 cloak
rCorr   .          NoTele   +    (gloves unavailable)
Will    .....                    (boots unavailable)
Stlth   ++++++                   (no amulet)
HPRegen 0.24/turn                (no ring)
MPRegen 0.10/turn                (no ring)

@: on berserk cooldown, slowed, quick
A: very small, no large weapons, unfitting armour, see invisible, speed 3
a: no special abilities


You were in the Dungeon.
You visited 1 branch

Inventory:

Hand Weapons
 a - a +2 dagger (weapon)
Missiles
 d - 9 poisoned darts (quivered)
 e - 3 curare-tipped darts
Armour
 b - a +0 robe (worn)
 c - a +0 cloak (worn)
Scrolls
 k - a scroll of blinking
Potions
 g - a potion of heal wounds
 h - a potion of haste
 i - 2 potions of magic


   Skills:
 + Level 3.3 Fighting
 + Level 4.3 Short Blades
 - Level 2.9 Throwing
 + Level 2.8 Dodging
 + Level 15.0 Stealth


You had 4 spell levels left.
You didn't know any spells.
Your spell library was empty.

Dungeon Overview and Level Annotations

Branches:
Dungeon (1/1)

Altars:


Innate Abilities, Weirdness & Mutations

You are very small and have problems with some larger weapons.
You are too small for most types of armour.
You have supernaturally acute eyesight. (SInv)
You cover ground extremely quickly. (Speed+++)


Message History

You feel sick. The scorpion closely misses you.
You hit the scorpion.
The scorpion is heavily wounded.
You feel sick.
You hit the scorpion but do no damage.
The scorpion is heavily wounded.
The scorpion stings you but does no damage.
You closely miss the scorpion.
The scorpion is heavily wounded.
You feel sick.
You are no longer poisoned.
The scorpion closely misses you.
You hit the scorpion but do no damage.
The scorpion is heavily wounded.
You puncture the scorpion!
The scorpion is almost dead.
The scorpion misses you.
You puncture the scorpion!
You kill the scorpion!
You are no longer berserk.
You are exhausted.
You feel yourself slow down.
Your Fighting skill increases to level 3!
Your Short Blades skill increases to level 4!
Your Stealth skill gained 2 levels and is now at level 15!
You have reached level 5!
You feel clever.
Unknown command.
You feel better. The scorpion closely misses you.
You closely miss the scorpion. The scorpion barely misses you.
The scorpion stings you.
* * * LOW HITPOINT WARNING * * *
You closely miss the scorpion. The scorpion misses you.
You hit the scorpion but do no damage. The scorpion barely misses you.
The scorpion misses you.
You hit the scorpion but do no damage. The scorpion completely misses you.
You hit the scorpion but do no damage. The scorpion stings you.
* * * LOW HITPOINT WARNING * * *
The scorpion stings you!
You die...

# #. #+#
#..##.##
#s@<.+
#..##.##
#. #+# #


You could see a scorpion.

Vanquished Creatures
  3 scorpions (D)
3 creatures vanquished.

Notes
Turn   | Place    | Note
-------+----------+-------------------------------------------
     0 | D        | dialectric the Spriggan Brigand began the quest for the
                  | Orb.
     0 | D        | Reached XP level 1. HP: 10/10 MP: 2/2
     1 | D        | Noticed a scorpion
     1 | D        | Noticed a scorpion
     1 | D        | Noticed a scorpion
     1 | D        | Noticed a scorpion
     5 | D        | Killed a scorpion
     6 | D        | Reached skill level 11 in Stealth
     6 | D        | Reached XP level 2. HP: 16/16 MP: 3/3
     6 | D        | Reached XP level 3. HP: 19/19 MP: 4/4
    13 | D        | Killed a scorpion
    14 | D        | Reached skill level 13 in Stealth
    14 | D        | Reached XP level 4. HP: 8/23 MP: 5/5
    21 | D        | Killed a scorpion
    22 | D        | Reached skill level 15 in Stealth
    22 | D        | Reached XP level 5. HP: 5/28 MP: 6/6
    27 | D        | Slain by a scorpion

Illustrated notes

Levels and vault maps discovered:
D:        the_violet_keep_of_menkaure [sprint2_stairs_cluster_1,
          sprint2_shoproom, sprint2_temple, sprint2_basic_supplies,
          sprint2_obstacle_4, sprint2_obstacle_1, sprint2_obstacle_7,
          sprint2_obstacle_6, sprint2_obstacle_5, sprint2_timed_cluster_1,
          sprint2_smallroom_cluster_1, sprint2_smallroom_final_cluster_1,
          sprint2_transparent_cluster_1, sprint2_second_timed_cluster_1,
          sprint2_sniper_area_1, sprint2_heavy_combat_area_1,
          sprint2_mutation_trap_area_1, sprint2_forest_area_1,
          sprint2_light_combat_area_1, sprint2_behind_water_1,
          sprint2_near_end_vault_1]

Skill      XL: |  1  2  3  4 |
---------------+-------------+-----
Fighting       | 2 3 |  3.3
Short Blades   | 3 4 |  4.3
Stealth        | 11 13 15 | 15.0
Dodging        | 2 |  2.8
Throwing       | |  2.9

Action                     |  1- 3 |  4- 6 || total
---------------------------+-------+-------++-------
  Melee: Dagger            |    10 |    13 ||    23
    Use: Potion            |     1 |     1 ||     2
 Armour: Robe              |     1 |     1 ||     2
  Dodge: Dodged            |     2 |    10 ||    12

Table legend: (Time is in decaauts)
 A = Elapsed time spent in this place.
 B = Non-inter-level travel time spent in this place.
 C = Inter-level travel time spent in this place.
 D = Time resting spent in this place.
 E = Time spent auto-exploring this place.
 F = Levels seen in this place.
 G = Mean time per level.
                   A        B        C        D        E       F      G
               +--------+--------+--------+--------+--------+-----+--------+
         Total |     20 |     20 |      0 |      0 |      0 |   1 |   20.0 |
       Dungeon |     20 |     20 |      0 |      0 |      0 |   1 |   20.0 |
               +--------+--------+--------+--------+--------+-----+--------+

Top non-repeatable levels by time:
       D: 20 daAuts
